 Dungeon Crawl Stone Soup version 0.28.0-45-g0d030f2227 (webtiles) character file.

Game seed: 9106763327947764126

980 Ablot the Cutter (level 8, 0/67 HPs)
             Began as a Gnoll Chaos Knight on Apr 20, 2022.
             Was a Plaything of Xom.
             Killed from afar by a white imp (8 damage)
             ... with a puff of frost
             ... on level 6 of the Dungeon.
             The game lasted 00:06:41 (5940 turns).

Ablot the Cutter (Gnoll Chaos Knight)               Turns: 5940, Time: 00:06:43

Health: 0/67       AC:  9    Str: 14    XL:     8   Next: 17%
Magic:  21/21      EV: 12    Int: 10    God:    Xom [..*...]
Gold:   333        SH:  5    Dex: 11    Spells: 13/13 levels left

rFire   . . .      SeeInvis .   a - +0 short sword (chaos)
rCold   . . .      Faith    .   (no shield)
rNeg    . . .      Spirit   .   b - +2 leather armour
rPois   +          Reflect  +   E - +0 helmet
rElec   .          Harm     .   n - +0 cloak
rCorr   .          Rampage  .   u - +0 pair of gloves
Will    .....                   (no boots)
Stlth   ++........              r - amulet of reflection
HPRegen 0.21/turn               v - ring of magical power
MPRegen 0.17/turn               (no ring)

@: no status effects
A: fangs 1, strong nose, distributed training, dopey 1, poison resistance,
screaming 1
a: Renounce Religion


You were on level 6 of the Dungeon.
You worshipped Xom.
You were a toy of Xom.
You visited 1 branch of the dungeon, and saw 6 of its levels.
You also visited: Sewer.

You collected 333 gold pieces.

Inventory:

Hand Weapons
 a - a +0 short sword of chaos (weapon)
 m - a +2 quarterstaff of chaos
 q - the +2 whip of Nuiggaac {drain, *Rage rC++ Dex+5}
   (You found it on level 3 of the Dungeon)

   A truly terrible weapon, it drains the life of any living foe it strikes.
   Dex:       It affects your dexterity (+5).
   rC:        It greatly protects you from cold.
   *Rage:     It berserks you when you make melee attacks (+20% chance).
 A - a +2 trident of flaming
Missiles
 c - 186 stones
 i - 6 boomerangs (quivered)
 k - 53 sling bullets
 s - 16 bolts
 w - 80 arrows
 x - 2 curare-tipped darts
 G - 21 poisoned darts
 L - 2 javelins
Armour
 b - a +2 leather armour (worn)
 j - a +0 buckler
 n - a +0 cloak (worn)
 u - a +0 pair of gloves (worn)
 E - a +0 helmet (worn)
Jewellery
 r - an amulet of reflection (around neck)
 v - a ring of magical power (left hand)
Wands
 l - a wand of flame (25)
 t - a wand of digging (1)
 y - a wand of paralysis (10)
 C - a wand of iceblast (13)
Scrolls
 o - 3 scrolls of teleportation {unknown}
 p - a scroll of vulnerability {unknown}
 B - a scroll of fear {unknown}
 D - a scroll of blinking {unknown}
 F - a scroll of brand weapon {unknown}
Potions
 d - a potion of haste
 e - a potion of heal wounds
 f - a potion of ambrosia {unknown}
 g - 2 potions of lignification {unknown}
 h - 5 potions of curing
 z - a potion of flight {unknown}
 H - a potion of brilliance
 I - 2 potions of attraction {unknown}
 J - a potion of resistance {unknown}
 K - a potion of might {unknown}


   Skills:
 + Level 7.2 Fighting
 + Level 7.2 Short Blades
 + Level 3.0 Long Blades
 + Level 3.0 Axes
 + Level 3.0 Maces & Flails
 + Level 3.0 Polearms
 + Level 3.0 Staves
 + Level 3.0 Slings
 + Level 3.0 Bows
 + Level 3.0 Crossbows
 + Level 3.0 Throwing
 + Level 5.5 Armour
 + Level 4.0 Dodging
 + Level 3.0 Stealth
 + Level 3.0 Shields
 + Level 3.0 Unarmed Combat
 + Level 3.0 Spellcasting
 + Level 2.4 Conjurations
 + Level 2.4 Hexes
 + Level 2.4 Summonings
 + Level 2.4 Necromancy
 + Level 2.4 Translocations
 + Level 2.4 Transmutations
 + Level 2.4 Fire Magic
 + Level 2.4 Ice Magic
 + Level 2.4 Air Magic
 + Level 2.4 Earth Magic
 + Level 2.4 Poison Magic
 + Level 3.3 Invocations
 + Level 3.0 Evocations


You had 13 spell levels left.
You didn't know any spells.
Your spell library contained the following spells:

 Spells                   Type           Power      Damage    Failure   Level
 Portal Projectile        Hex/Tloc       12%        N/A       36%         3
 Blade Hands              Tmut           3%         N/A       98%         5
 Excruciating Wounds      Necr           3%         N/A       98%         5
 Malign Gateway           Summ/Tloc      3%         N/A       100%        7
 Summon Horrible Things   Summ           3%         N/A       100%        8


Dungeon Overview and Level Annotations

Branches:
Dungeon (6/15)             Temple (0/1) D:5           Sewer (visited)

Altars:
Fedhas
Gozag
Xom
Yredelemnul
Zin

Shops:
D:5 *


Innate Abilities, Weirdness & Mutations

You have very sharp teeth.
Your uncanny sense of smell can sniff out nearby items.
Your experience applies equally to all skills.
You are dopey. (Int -2)
Your system is resistant to poisons. (rPois)
You occasionally shout uncontrollably at your foes.


Message History

You hit the steam dragon.
The steam dragon is poisoned.
The steam dragon is almost dead.
You kill the steam dragon!
The white imp hits you but does no damage.
Your Long Blades skill increases to level 3!
Your Axes skill increases to level 3!
Your Maces & Flails skill increases to level 3!
Your Polearms skill increases to level 3!
Your Staves skill increases to level 3!
Your Slings skill increases to level 3!
Your Bows skill increases to level 3!
Your Crossbows skill increases to level 3!
Your Throwing skill increases to level 3!
Your Dodging skill increases to level 4!
Your Stealth skill increases to level 3!
Your Shields skill increases to level 3!
Your Unarmed Combat skill increases to level 3!
Your Spellcasting skill increases to level 3!
Your Evocations skill increases to level 3!
Unknown command.
You closely miss the white imp. You bite the white imp.
The white imp is severely wounded.
The orc hits you but does no damage. The white imp hits you.
* * * LOW HITPOINT WARNING * * *
The white imp freezes you.
* * * LOW HITPOINT WARNING * * *
You hit the white imp but do no damage. Your punch misses the white imp.
Your bite misses the white imp.
The white imp is severely wounded.
The orc hits you with a +0 flail!
* * * LOW HITPOINT WARNING * * *
You hit the white imp.
The white imp is almost dead.
You block the white imp's attack.
You closely miss the white imp.
The white imp is almost dead.
The orc hits you but does no damage. The white imp gestures at you.
The puff of frost hits you!
You die...
Xom yawns loudly!

∆ ### .# ##.+ .####
##..#+#....#
#..#.......
##.#######..#....#
..>...5@.........+
##....o.....#....#+#
#>########.#......#
#.#.###### #.#.#
#.#.# #.#.# #.#.#
##...#


You could see a white imp and an orc.

Vanquished Creatures
  A steam dragon (D:6)
  A water moccasin (D:4)
  A necrophage (D:4)
  A bullfrog (D:6)
  3 kobold brigands (Sewer)
  Crazy Yiuf (D:2)
  A jelly (D:4)
  A bullfrog skeleton (D:5)
  An iguana (D:5)
  3 gnolls (D:2)
  3 adders
  2 river rats
  An ufetubus (D:5)
  A worm (D:3)
  3 dart slugs
  2 orcs
  12 ball pythons
  11 endoplasms
  2 giant cockroaches
  5 goblins
  7 hobgoblins
  4 quokkas
  7 bats
  3 frilled lizards
  11 kobolds
  14 rats
102 creatures vanquished.

Vanquished Creatures (others)
  An adder (D:4)
  An orc (D:4)
2 creatures vanquished.

Grand Total: 104 creatures vanquished

Notes
Turn   | Place    | Note
-------+----------+-------------------------------------------
     0 | D:1      | Ablot the Gnoll Chaos Knight began the quest for the Orb.
     0 | D:1      | Reached XP level 1. HP: 23/23 MP: 1/1
   189 | D:1      | Reached XP level 2. HP: 28/29 MP: 2/2
   430 | D:1      | Reached XP level 3. HP: 34/35 MP: 3/3
   571 | D:1      | XOM: noise
   807 | D:2      | Found a runed translucent door.
   808 | D:2      | Noticed Crazy Yiuf
   880 | D:2      | Reached skill level 1 in Invocations
   934 | D:2      | Reached skill level 1 in Long Blades
   934 | D:2      | Reached skill level 1 in Axes
   934 | D:2      | Reached skill level 1 in Maces & Flails
   934 | D:2      | Reached skill level 1 in Polearms
   934 | D:2      | Reached skill level 1 in Staves
   934 | D:2      | Reached skill level 1 in Slings
   934 | D:2      | Reached skill level 1 in Bows
   934 | D:2      | Reached skill level 1 in Crossbows
   934 | D:2      | Reached skill level 1 in Throwing
   934 | D:2      | Reached skill level 1 in Stealth
   934 | D:2      | Reached skill level 1 in Shields
   934 | D:2      | Reached skill level 1 in Unarmed Combat
   934 | D:2      | Reached skill level 1 in Spellcasting
   934 | D:2      | Reached skill level 1 in Evocations
   934 | D:2      | Reached XP level 4. HP: 26/41 MP: 5/5
  1064 | D:2      | Found a basalt altar of Yredelemnul.
  1672 | D:2      | XOM: 2-stop teleportation journey
  1877 | D:2      | XOM: summons 1 hostile shadow creature
  2173 | D:2      | XOM: butterfly on damage
  2183 | D:2      | XOM: give mutation
  2183 | D:2      | Gained mutation: You occasionally shout uncontrollably at
                  | your foes. [Xom's mischief]
  2186 | D:2      | Killed Crazy Yiuf
  2187 | D:2      | Reached skill level 1 in Conjurations
  2187 | D:2      | Reached skill level 1 in Hexes
  2187 | D:2      | Reached skill level 1 in Summonings
  2187 | D:2      | Reached skill level 1 in Necromancy
  2187 | D:2      | Reached skill level 1 in Translocations
  2187 | D:2      | Reached skill level 1 in Transmutations
  2187 | D:2      | Reached skill level 1 in Fire Magic
  2187 | D:2      | Reached skill level 1 in Ice Magic
  2187 | D:2      | Reached skill level 1 in Air Magic
  2187 | D:2      | Reached skill level 1 in Earth Magic
  2187 | D:2      | Reached skill level 1 in Poison Magic
  2237 | D:2      | XOM: give mutations
  2237 | D:2      | Gained mutation: Your system is resistant to poisons.
                  | (rPois) [Xom's mischief]
  2237 | D:2      | Gained mutation: You sometimes lose the ability to read
                  | scrolls when taking damage. [Xom's mischief]
  2237 | D:2      | Lost mutation: You sometimes lose the ability to read
                  | scrolls when taking damage. [Xom's mischief]
  2237 | D:2      | Gained mutation: You are dopey. (Int -2) [Xom's mischief]
  2463 | D:3      | Found a faded altar of an unknown god.
  2463 | D:3      | XOM: 1-stop teleportation journey
  2517 | D:3      | Identified the +2 whip of Nuiggaac {drain, *Rage rC++
                  | Dex+5}
  2613 | D:3      | Reached XP level 5. HP: 47/47 MP: 6/6
  3066 | D:3      | Found an opulent altar of Gozag.
  3130 | D:3      | Found a glowing silver altar of Zin.
  3174 | D:4      | XOM: stealth player
  3181 | D:4      | XOM: destruction
  3219 | D:4      | Found a blossoming altar of Fedhas.
  3221 | D:4      | Noticed a necrophage
  3260 | D:4      | Killed a necrophage
  3287 | D:4      | XOM: summons 2 hostile shadow creatures
  3535 | D:4      | Noticed a water moccasin
  3539 | D:4      | XOM: confusion (+ monsters)
  3543 | D:4      | XOM: confusion (+ monsters)
  3545 | D:4      | Killed a water moccasin
  3546 | D:4      | Reached skill level 5 in Armour
  3546 | D:4      | Reached XP level 6. HP: 41/53 MP: 8/9
  4091 | D:5      | Entered Level 5 of the Dungeon
  4168 | D:5      | XOM: 1-stop teleportation journey
  4207 | D:5      | Found a staircase to the Ecumenical Temple.
  4229 | D:5      | XOM: summons friendly crimson imp
  4449 | D:5      | XOM: scenery: create altars
  4463 | D:5      | Found a glowing drain.
  4508 | Sewer    | Entered a sewer
  4611 | Sewer    | Reached XP level 7. HP: 28/59 MP: 10/10
  4864 | Sewer    | XOM: snakes to sticks
  4986 | Sewer    | XOM: enchant monster (good)
  5159 | Sewer    | XOM: potion effect (might)
  5171 | Sewer    | XOM: potion effect (brilliance)
  5174 | Sewer    | XOM: smoke on damage
  5385 | D:5      | Found Avvy's Overcharged Wands.
  5385 | D:5      | XOM: 3-stop teleportation journey
  5910 | D:6      | XOM: noise
  5919 | D:6      | Reached XP level 8. HP: 46/67 MP: 12/12
  5926 | D:6      | XOM: confuse monster(s)
  5940 | D:6      | Killed from afar by a white imp

Illustrated notes

Levels and vault maps discovered:
D:1:      lightli_arrival_statue_moat, layout_basic
D:2:      layout_basic, basic_altar, eino_curves_04, feat_on_display,
          uniq_crazy_yiuf_cottage
D:3:      layout_rooms, pdpol_temple_overflow_zin_treasury_gozag_greed,
          hellmonk_ecumenical_altar_lost_god, nrook_uturn
D:4:      layout_basic, old_standard_altar, supply_closet_lemuel
D:5:      layout_cave_pods, minmay_temple_entry_stoned_glass,
          portal_sewer_entry_b, nicolae_shop_overcharged_wands
D:6:      layout_rooms, serial_shops, nicolae_shop_behind_doors,
          nicolae_shop_behind_doors, kennysheep_mini_moat, nrook_pool_corridor,
          uniq_sigmund

Skill      XL: |  1  2  3  4  5  6  7  8 |
---------------+-------------------------+-----
Invocations    | 1 2 3 |  3.3
Long Blades    | 1 2 3 |  3.0
Axes           | 1 2 3 |  3.0
Maces & Flails | 1 2 3 |  3.0
Polearms       | 1 2 3 |  3.0
Staves         | 1 2 3 |  3.0
Slings         | 1 2 3 |  3.0
Bows           | 1 2 3 |  3.0
Crossbows      | 1 2 3 |  3.0
Throwing       | 1 2 3 |  3.0
Stealth        | 1 2 3 |  3.0
Shields        | 1 2 3 |  3.0
Unarmed Combat | 1 2 3 |  3.0
Spellcasting   | 1 2 3 |  3.0
Evocations     | 1 2 3 |  3.0
Conjurations   | 1 2 |  2.4
Hexes          | 1 2 |  2.4
Summonings     | 1 2 |  2.4
Necromancy     | 1 2 |  2.4
Translocations | 1 2 |  2.4
Transmutations | 1 2 |  2.4
Fire Magic     | 1 2 |  2.4
Ice Magic      | 1 2 |  2.4
Air Magic      | 1 2 |  2.4
Earth Magic    | 1 2 |  2.4
Poison Magic   | 1 2 |  2.4
Dodging        | 3 4 |  4.0
Armour         | 5 |  5.5
Fighting       | 7 |  7.2
Short Blades   | 7 |  7.2

Action                   |  1- 3 |  4- 6 |  7- 9 || total
-------------------------+-------+-------+-------++-------
Melee: Short sword       |    90 |   207 |   107 ||   404
       Bite              |    11 |    13 |     7 ||    31
       Punch             |     1 |     2 |     3 ||     6
Throw: Boomerang         |       |     1 |       ||     1
  Use: Potion            |       |       |     4 ||     4
 Stab: Paralysed         |     1 |       |       ||     1
       Sleeping          |     1 |       |     1 ||     2
       Distracted        |     1 |       |       ||     1
Armor: Leather armour    |    24 |    62 |    25 ||   111
Dodge: Dodged            |    52 |    90 |    43 ||   185
Block: Other             |       |    24 |    15 ||    39
